 Dungeon Crawl Stone Soup version 0.23.0 (webtiles) character file.

Game seed: 9740407928580537077

51 vishdafish the Ducker (level 3, -1/35 HPs)
             Began as a Troll Skald on Feb 15, 2019.
             Slain by an orc
             ... wielding a +0 flail
              (7 damage)
             ... on level 2 of the Dungeon.
             The game lasted 00:01:41 (771 turns).

vishdafish the Ducker (Troll Skald)                  Turns: 771, Time: 00:01:42

Health: -1/35      AC:  6    Str: 19    XL:     3   Next: 58%
Magic:  9/13       EV: 10    Int: 10    God:
Gold:   70         SH:  3    Dex:  9    Spells: 4/5 levels left

rFire    . . .     SeeInvis .   a - +0 mace
rCold    + . .     Gourm    +   (no shield)
rNeg     . . .     Faith    .   b - +0 robe
rPois    .         Spirit   .   (helmet restricted)
rElec    .         Reflect  +   (no cloak)
rCorr    .         Harm     .   (gloves unavailable)
MR       .....                  (boots unavailable)
Stlth    +.........             e - +3 amulet of reflection
HPRegen  0.51/turn              i - ring of magical power
MPRegen  0.13/turn              j - ring of protection from cold

@: infused
A: large, unfitting armour, claws 3, fast metabolism 3, gourmand, regeneration
1, shaggy fur 1, tough skin 3
a: no special abilities


You were on level 2 of the Dungeon.
You were not hungry.

You visited 1 branch of the dungeon, and saw 2 of its levels.

You collected 70 gold pieces.

Inventory:

Hand Weapons
 a - a +0 mace (weapon)
Armour
 b - a +0 robe (worn)
Jewellery
 e - a +3 amulet of reflection (around neck)
 i - a ring of magical power (left claw)
 j - a ring of protection from cold (right claw)
Scrolls
 g - a scroll of identify
Potions
 c - 2 potions of heal wounds
 f - a potion of curing {unknown}
 h - a potion of haste {unknown}
Comestibles
 d - 2 rations


   Skills:
 + Level 2.0 Fighting
 + Level 2.2 Maces & Flails
 + Level 2.3 Dodging
 + Level 1.5 Spellcasting
 + Level 2.2 Charms


You had 4 spell levels left.
You knew the following spells:

 Your Spells              Type           Power        Failure   Level  Hunger
a - Infusion              Chrm           #...         13%         1    ##.....

Your spell library contained the following spells:

 Spells                   Type           Power        Failure   Level  Hunger
 Song of Slaying          Chrm           #.......     21%         2    ###....
 Shroud of Golubria       Chrm/Tloc      #.........   30%         2    ###....
 Regeneration             Chrm/Necr      #.........   52%         3    ####...
 Spectral Weapon          Hex/Chrm       #.......     52%         3    ####...


Dungeon Overview and Level Annotations

Branches:
Dungeon (2/15)

Altars:


Innate Abilities, Weirdness & Mutations

You are too large for most types of armour.
You have claws for hands.
Your metabolism is lightning-fast.
You like to eat raw meat.
Your natural rate of healing is unusually fast.
You are covered in fur. (AC +1)
You have extremely tough skin. (AC +3)


Message History

Casting: Infusion (safe; 13% risk of failure)
Confirm with . or Enter, or press ? or * to list all spells.
You begin infusing your attacks with magical energy.
The orc barely misses you. The orc priest barely misses you.
The goblin barely misses you.
You completely miss the orc priest.
The orc priest is severely wounded.
The orc priest hits you with a +0 club. The orc closely misses you.
The goblin hits you but does no damage. The orc priest barely misses you.
You closely miss the orc priest.
The orc priest is severely wounded.
The orc misses you. The goblin hits you but does no damage.
The orc priest barely misses you.
You hit the orc priest but do no damage.
The orc priest is severely wounded.
The orc hits you with a +0 flail!
* * * LOW HITPOINT WARNING * * *
The goblin misses you. The orc priest misses you. The goblin misses you.
The orc hits you with a +0 flail!
You die...

### #.. #$# #?# #####(#
# . .....# .####
....####o.###..?.#
...wo{g@o.......># ####
########..#?#########...
##.#.# #.....#... #.#.#
#.....#... #.#.#
#.....#... #.#.#
#......... #.#.#
#####....# #...# #.....
##..# ######'##


You could see a worm, an orc priest, 2 orcs and a goblin.

Vanquished Creatures
  2 adders (D:2)
  A dart slug (D:1)
  2 leopard geckos
  An orc (D:2)
  4 bats
  4 giant cockroaches (D:1)
  A goblin (D:1)
  4 hobgoblins (D:1)
  A frilled lizard (D:1)
  4 kobolds
  3 rats (D:1)
27 creatures vanquished.

Notes
Turn   | Place    | Note
-------+----------+-------------------------------------------
     0 | D:1      | vishdafish the Troll Skald began the quest for the Orb.
     0 | D:1      | Reached XP level 1. HP: 19/19 MP: 1/1
    66 | D:1      | Reached XP level 2. HP: 26/28 MP: 3/3
   579 | D:2      | Reached XP level 3. HP: 34/35 MP: 4/4
   771 | D:2      | Slain by an orc

Skill      XL: |  1  2  3 |
---------------+----------+-----
Dodging        | 2 |  2.3
Maces & Flails | 2 |  2.2
Fighting       | 2 |  2.0
Spellcasting   | |  1.5
Charms         | |  2.2

Action                   || total
-------------------------++-------
Melee: Mace              ||   151
 Cast: Infusion          ||     2
  Use: Scroll            ||     3
  Eat: Chunk             ||     3
       Ration            ||     1
Armor: Robe              ||    92
Dodge: Dodged            ||   124
Block: Other             ||     9
